 Dungeon Crawl Stone Soup version 0.21.1-1-g345015f (webtiles) character file.

815 inmateoo the Firebug (level 7, -4/40 HPs)
             Began as a Deep Elf Fire Elementalist on Feb 20, 2018.
             Slain by an iguana (15 damage)
             ... on level 5 of the Dungeon.
             The game lasted 00:06:12 (3568 turns).

inmateoo the Firebug (Deep Elf Fire Elementalist)   Turns: 3568, Time: 00:06:13

Health: -4/40      AC:  7    Str:  5    XL:     7   Next: 62%
Magic:  2/16       EV: 14    Int: 22    God:
Gold:   241        SH:  0    Dex: 15    Spells: 5/15 levels left

rFire    . . .     SeeInvis .   o - +0 dagger (venom)
rCold    . . .     Gourm    .   (no shield)
rNeg     . . .     Faith    .   a - +0 robe
rPois    .         Spirit   .   l - +0 helmet
rElec    .         Reflect  .   (no cloak)
rCorr    .         Harm     .   w - +0 pair of gloves
MR       .....                  f - +2 pair of boots
Stlth    ++........             (no amulet)
HPRegen  0.13/turn              (no ring)
MPRegen  0.15/turn              (no ring)

@: very slightly contaminated
A: no striking features
a: no special abilities


You were on level 5 of the Dungeon.
You were hungry.

You visited 1 branch of the dungeon, and saw 5 of its levels.

You collected 241 gold pieces.

Inventory:

Hand Weapons
 o - a +0 dagger of venom (weapon)
 v - a +1 mace of protection
Armour
 a - a +0 robe (worn)
 f - a +2 pair of boots (worn)
 g - a +0 buckler
 l - a +0 helmet (worn)
 w - a +0 pair of gloves (worn)
Wands
 p - a wand of random effects (13)
 u - a wand of disintegration (10)
Scrolls
 d - a scroll of teleportation
 i - 2 scrolls of remove curse
 q - a scroll of random uselessness {unknown}
 s - a scroll of immolation
Potions
 e - a potion of invisibility
 h - a potion of haste {unknown}
 j - a potion of mutation {unknown}
 m - a potion of agility
 n - a potion of cancellation
 t - a potion of curing
Books
 b - a book of Flames

   Spells                             Type                      Level
   a - Flame Tongue                   Conjuration/Fire             1
   b - Throw Flame                    Conjuration/Fire             2
   c - Conjure Flame                  Conjuration/Fire             3
   d - Inner Flame                    Hexes/Fire                   3
   e - Sticky Flame                   Conjuration/Fire             4
   f - Fireball                       Conjuration/Fire             5
Comestibles
 c - 9 rations


   Skills:
 + Level 2.5 Fighting
 + Level 4.5 Dodging
 - Level 3.0 Stealth
 * Level 3.6 Unarmed Combat
 + Level 4.7 Spellcasting
 - Level 1.1 Conjurations
 * Level 5.8 Fire Magic


You had 5 spell levels left.
You knew the following spells:

 Your Spells              Type           Power        Failure   Level  Hunger
a - Flame Tongue          Conj/Fire      ###..        2%          1    None
b - Throw Flame           Conj/Fire      ###...       3%          2    None
c - Conjure Flame         Conj/Fire      ###.....     8%          3    ##.....
d - Sticky Flame          Conj/Fire      ###.....     26%         4    ####...


Dungeon Overview and Level Annotations

Branches:
Dungeon (5/15)
 Temple: D:4-7

Altars:
Xom

Annotations:
D:4 Dioder's ghost, amateur HOFi


Message History

You barely miss the iguana. The iguana bites you.
* * * LOW HITPOINT WARNING * * *
There is a stone staircase leading up here.
You hit the iguana but do no damage.
The iguana is poisoned.
The iguana closely misses you.
Casting: Conjure Flame
Confirm with . or Enter, or press ? or * to list all spells.
Aiming: Sticky Flame
Press: ? - help, Shift-Dir - straight line, f - iguana
Aim: an iguana (moderately wounded, poisoned)
You miscast Sticky Flame.
Sparks fly from your hands!
You are feeling hungry.
The iguana misses you.
Unknown command.
You barely miss the iguana.
The iguana is severely wounded.
The iguana bites you!
* * * LOW HITPOINT WARNING * * *
You feel better. The iguana bites you!
You die...

#.......#.##.##.#
#.#.#........##.#
##.#.#.....#####.#
.....####### #.#
##.### #.# ##.###
#.# .....######
#.# ...#......#
#.# ...#>.....#
#@# ..........#
#l# ..##......#
#.# ..........#
#.# ..#########
#.# ### #.#
################.#
.....(##.........#
#####.##.#########


You could see an iguana.

Vanquished Creatures
  A sky beast (D:3)
  An ogre (D:4)
  A centaur (D:3)
  A howler monkey (D:4)
  A hound (D:5)
  A bullfrog skeleton (D:5)
  2 orc priests (D:4)
  Jessica (D:3)
  2 iguanas (D:5)
  An orc wizard (D:3)
  4 worker ants
  4 gnolls (D:4)
  A howler monkey skeleton (D:5)
  6 adders
  An adder skeleton (D:4)
  7 worms
  4 dart slugs
  5 leopard geckos
  5 orcs
  5 bats
  2 giant cockroaches
  4 goblins
  8 hobgoblins
  A quokka (D:5)
  2 ball pythons
  A jackal skeleton (D:4)
  5 kobolds
  5 rats
82 creatures vanquished.

Notes
Turn   | Place    | Note
-------+----------+-------------------------------------------
     0 | D:1      | inmateoo the Deep Elf Fire Elementalist began the quest for the Orb.
     0 | D:1      | Reached XP level 1. HP: 10/10 MP: 6/6
   180 | D:1      | You fall through a shaft!
   221 | D:2      | Reached XP level 2. HP: 16/16 MP: 4/8
   370 | D:2      | Reached skill level 1 in Unarmed Combat
   429 | D:2      | Reached XP level 3. HP: 15/20 MP: 1/9
   692 | D:2      | Reached skill level 1 in Fighting
   807 | D:2      | Reached XP level 4. HP: 25/25 MP: 3/10
  1024 | D:3      | Learned a level 2 spell: Throw Flame
  1028 | D:3      | Learned a level 3 spell: Conjure Flame
  1074 | D:3      | Found a shimmering altar of Xom.
  1102 | D:3      | Noticed a centaur
  1112 | D:3      | Killed a centaur
  1112 | D:3      | Reached skill level 4 in Fire Magic
  1112 | D:3      | Reached XP level 5. HP: 10/29 MP: 3/11
  1448 | D:3      | Noticed Jessica
  1448 | D:3      | Noticed a sky beast
  1467 | D:3      | Killed Jessica
  1601 | D:3      | Killed a sky beast
  1601 | D:3      | Reached XP level 6. HP: 13/35 MP: 0/13
  2234 | D:4      | Reached skill level 5 in Fire Magic
  2286 | D:4      | Noticed Dioder's ghost (amateur HOFi)
  2586 | D:3      | Learned a level 4 spell: Sticky Flame
  2593 | D:4      | Reached XP level 7. HP: 25/40 MP: 2/15
  3337 | D:5      | Entered Level 5 of the Dungeon
  3568 | D:5      | Slain by an iguana

Skill      XL: |  1  2  3  4  5  6 |
---------------+-------------------+-----
Unarmed Combat | 1 2 3 |  3.6
Stealth        | 3 |  3.0
Fighting       | 1 2 |  2.5
Dodging        | 3 4 |  4.5
Fire Magic     | 4 5 |  5.8
Spellcasting   | 4 |  4.7
Conjurations   | |  1.1

Action                   |  1- 3 |  4- 6 |  7- 9 || total
-------------------------+-------+-------+-------++-------
Melee: Unarmed           |     4 |     1 |       ||     5
       Dagger            |       |     9 |    14 ||    23
       Mace              |       |    28 |    19 ||    47
       Punch             |       |     1 |       ||     1
 Cast: Flame Tongue      |    64 |    74 |    55 ||   193
       Throw Flame       |       |     4 |       ||     4
       Conjure Flame     |       |     1 |     3 ||     4
       Sticky Flame      |       |     2 |       ||     2
Evoke: Wand              |       |       |     3 ||     3
  Use: Scroll            |       |     2 |     9 ||    11
       Potion            |       |       |     1 ||     1
 Stab: Sleeping          |       |     1 |       ||     1
  Eat: Chunk             |       |     2 |     3 ||     5
       Ration            |       |     1 |       ||     1
Armor: Robe              |     9 |    35 |    23 ||    67
Dodge: Dodged            |    18 |    59 |    46 ||   123
